 Dungeon Crawl Stone Soup version 0.22-a0-571-g4a923d4 (webtiles) character file.

62 Amnesiac the Ducker (level 3, -6/19 HPs)
             Began as a Spriggan Fighter on July 1, 2018.
             Mangled by Sigmund
             ... wielding a +0 scythe
              (13 damage)
             ... on level 2 of the Dungeon.
             The game lasted 00:01:54 (1503 turns).

Amnesiac the Ducker (Spriggan Fighter)              Turns: 1503, Time: 00:01:54

Health: -6/19      AC:  2    Str: 13    XL:     3   Next: 85%
Magic:  1/1        EV: 19    Int:  9    God:
Gold:   147        SH:  6    Dex: 15    Spells: 2/2 levels left

rFire    . . .     SeeInvis +   a - +0 dagger (antimagic)
rCold    . . .     Gourm    .   c - +0 buckler
rNeg     . . .     Faith    .   b - +0 robe
rPois    .         Spirit   .   (helmet restricted)
rElec    .         Reflect  .   (no cloak)
rCorr    .         Harm     .   (gloves unavailable)
MR       .....                  (boots unavailable)
Stlth    ++........             (no amulet)
HPRegen  0.06/turn              (no ring)
MPRegen  0.07/turn              (no ring)

@: very quick
A: very small, unfitting armour, see invisible, herbivore, speed 3, slow
metabolism 2
a: no special abilities


You were on level 2 of the Dungeon.
You were not hungry.

You visited 1 branch of the dungeon, and saw 2 of its levels.

You collected 147 gold pieces.

Inventory:

Hand Weapons
 a - a +0 antimagic dagger (weapon)
 n - a +0 rapier
Armour
 b - a +0 robe (worn)
 c - a +0 buckler (worn)
Scrolls
 g - 2 scrolls of identify {!r, unknown}
 i - 2 scrolls of immolation {!r, unknown}
 j - a scroll of fear {!r, unknown}
 k - 3 scrolls of teleportation {!r, unknown}
 l - a scroll of fog {!r, unknown}
 m - 2 scrolls of enchant armour {!r, unknown}
Potions
 d - a potion of might {!q}
 e - 2 potions of degeneration {!q, unknown}
 h - 2 potions of haste {!q, unknown}
Comestibles
 f - 4 rations


   Skills:
 - Level 2.4 Fighting
 * Level 3.5 Short Blades
 - Level 4.4 Dodging
 + Level 3.5 Stealth
 - Level 2.4 Shields


You had 2 spell levels left.
You didn't know any spells.
Your spell library was empty.

Dungeon Overview and Level Annotations

Branches:
Dungeon (2/15)

Altars:

Annotations:
D:2 Sigmund


Innate Abilities, Weirdness & Mutations

You are very small and have problems with some larger weapons.
You are too small for most types of armour.
You have supernaturally acute eyesight. (SInv)
You are a herbivore.
You cover ground extremely quickly.
You need to consume almost no food.


Message History

Sigmund is moderately wounded.
Sigmund gestures at you while chanting. You resist with some effort.
You hit Sigmund.
Sigmund's magic leaks into the air.
Sigmund is moderately wounded.
Sigmund misses you.
You hit Sigmund but do no damage.
Sigmund is moderately wounded.
You closely miss Sigmund.
Sigmund is moderately wounded.
Sigmund misses you.
You hit Sigmund.
Sigmund's magic leaks into the air.
Sigmund is moderately wounded.
You hit Sigmund but do no damage.
Sigmund is moderately wounded.
Sigmund misses you.
You hit Sigmund but do no damage.
Sigmund is moderately wounded.
You closely miss Sigmund.
Sigmund is moderately wounded.
Sigmund gestures wildly while chanting.
Sigmund flickers and vanishes for a moment.
You hit Sigmund.
Sigmund's magic leaks into the air.
Sigmund is moderately wounded.
Sigmund hits you with a scythe.
You hit Sigmund.
Sigmund's magic leaks into the air.
Sigmund is heavily wounded.
You hit Sigmund but do no damage.
Sigmund is heavily wounded.
You block Sigmund's attack.
You hit Sigmund.
Sigmund's magic leaks into the air.
Sigmund is heavily wounded.
You block Sigmund's attack.
You hit Sigmund but do no damage.
Sigmund is heavily wounded.
You hit Sigmund but do no damage.
Sigmund is heavily wounded.
Sigmund closely misses you.
You hit Sigmund.
Sigmund's magic leaks into the air.
Sigmund is heavily wounded.
You hit Sigmund.
Sigmund's magic leaks into the air.
Sigmund is heavily wounded.
Sigmund hits you with a scythe.
* * * LOW HITPOINT WARNING * * *
You hit Sigmund.
Sigmund's magic leaks into the air.
Sigmund is severely wounded.
You hit Sigmund but do no damage.
Sigmund is severely wounded.
Sigmund closely misses you.
You barely miss Sigmund.
Sigmund is severely wounded.
You hit Sigmund.
Sigmund's magic leaks into the air.
Sigmund is severely wounded.
Sigmund falters for a moment.
You hit Sigmund.
Sigmund's magic leaks into the air.
Sigmund is severely wounded.
Sigmund misses you.
You hit Sigmund but do no damage.
Sigmund is severely wounded.
You hit Sigmund but do no damage.
Sigmund is severely wounded.
Sigmund hits you with a scythe!
Ouch! That really hurt!
You die...

###...........#
#########.........##..#
#...(...(..(....#.##..#####
#.#######.......#.........# #.#
###...........###.# #.#
#....#####.####.#### #.#
###....<...##.....>. ####.#####
#.#########.#.#### (........# #@#
#.#.# # .###.###.# ##@## #.#.####
.# #.# #.# ##...## #.#...## .#
#.###.## ##.....## ##.###.## .#
#......###.......## #........ .#
##....#.#.........####...#...) .#
#<...###..........+...)....#..
.###.....#.#.........####.....#.)
..........###.......## #...#####


You could see Sigmund (invisible).

Vanquished Creatures
  An adder (D:2)
  2 worms (D:2)
  A dart slug (D:1)
  A leopard gecko (D:1)
  5 bats
  3 giant cockroaches (D:1)
  6 goblins
  7 hobgoblins
  4 jackals (D:2)
  A frilled lizard (D:2)
  5 kobolds
  4 rats
40 creatures vanquished.

Notes
Turn   | Place    | Note
-------+----------+-------------------------------------------
     0 | D:1      | Amnesiac the Spriggan Fighter began the quest for the Orb.
     0 | D:1      | Reached XP level 1. HP: 11/11 MP: 2/2
    14 | D:1      | Reached skill level 1 in Stealth
    76 | D:1      | Reached XP level 2. HP: 15/16 MP: 3/3
   316 | D:1      | Reached XP level 3. HP: 19/19 MP: 4/4
  1105 | D:2      | Noticed Sigmund
  1503 | D:2      | Mangled by Sigmund

Vault maps used:
D:1:      dpeg_arrival_windows_large_door, st_stairs_14,
          hangedman_feature_mirror
D:2:      uniq_sigmund

Skill      XL: |  1  2  3 |
---------------+----------+-----
Stealth        | 2 3 |  3.5
Short Blades   | 3 |  3.5
Fighting       | |  2.4
Dodging        | |  4.4
Shields        | |  2.4

Action                   || total
-------------------------++-------
Melee: Rapier            ||   125
       Dagger            ||    41
 Stab: Sleeping          ||     5
Armor: Robe              ||    18
Dodge: Dodged            ||   101
Block: Buckler           ||    44

Table legend:
 A = Spawn XP
 B = Non-spawn XP
 C = Spawn XP percentage of total XP
 D = Spawn monster count
 E = Non-spawn monster count
 F = Spawn count percentage of total count
 G = Total turns spent on level
                    A         B        C        D         E        F      G
               +---------+---------+-------+---------+---------+-------+---------
         Total |       0 |      89 |   0.0 |       0 |      40 |   0.0 |  1503
               +---------+---------+-------+---------+---------+-------+---------
           D:1 |       0 |      44 |   0.0 |       0 |      24 |   0.0 |   599
           D:2 |       0 |      45 |   0.0 |       0 |      16 |   0.0 |   904
               +---------+---------+-------+---------+---------+-------+---------
